 Dungeon Crawl Stone Soup version 0.29-a0-1027-gcd8c55af63 (webtiles) character file.

Game seed: 1277160620072637433

21 wilfster70 the Protected (level 2, -1/20 HPs)
             Began as a Gnoll Wanderer on Aug 12, 2022.
             Slain by a black bear (4 damage)
             ... on level 2 of the Dungeon.
             The game lasted 00:02:25 (977 turns).

wilfster70 the Protected (Gnoll Wanderer)            Turns: 977, Time: 00:02:25

Health: -1/20      AC:  8    Str: 12    XL:     2   Next: 87%
Magic:  2/2        EV:  9    Int:  9    God:
Gold:   120        SH:  0    Dex: 18    Spells: 2/2 levels left

rFire   . . .      SeeInvis .   b - +0 mace
rCold   . . .      Faith    .   (no shield)
rNeg    . . .      Spirit   .   c - +0 scale mail
rPois   .          Reflect  .   (no helmet)
rElec   .          Harm     .   (no cloak)
rCorr   .          Rampage  .   (no gloves)
Will    .....                   (no boots)
Stlth   ..........              (no amulet)
HPRegen 0.06/turn               k - +6 ring of dexterity
MPRegen 0.08/turn               (no ring)

@: no status effects
A: fangs 1, strong nose, distributed training
a: no special abilities


You were on level 2 of the Dungeon.
You visited 1 branch of the dungeon, and saw 2 of its levels.

You collected 120 gold pieces.

Inventory:

Hand Weapons
 a - a +2 sling
 b - a +0 mace (weapon)
Armour
 c - a +0 scale mail (worn)
Magical Staves
 h - a staff of earth
Jewellery
 k - a +6 ring of dexterity (left hand)
Scrolls
 d - 2 scrolls of summoning
 i - a scroll of magic mapping {unknown}
 j - a scroll of teleportation {unknown}
 l - a scroll of identify {unknown}
Potions
 f - a potion of attraction {unknown}
 g - a potion of haste {unknown}


   Skills:
 + Level 0.5 Fighting
 + Level 0.5 Short Blades
 + Level 0.5 Long Blades
 + Level 0.5 Axes
 + Level 2.5 Maces & Flails
 + Level 0.5 Polearms
 + Level 0.5 Staves
 + Level 8.5 Ranged Weapons
 + Level 0.5 Throwing
 + Level 10.4 Armour
 + Level 0.5 Dodging
 + Level 0.5 Stealth
 + Level 0.5 Shields
 + Level 0.5 Unarmed Combat
 + Level 0.5 Spellcasting
 + Level 0.4 Conjurations
 + Level 0.4 Hexes
 + Level 0.4 Summonings
 + Level 0.4 Necromancy
 + Level 0.4 Translocations
 + Level 0.4 Transmutations
 + Level 0.4 Fire Magic
 + Level 0.4 Ice Magic
 + Level 0.4 Air Magic
 + Level 0.4 Earth Magic
 + Level 0.4 Poison Magic
 + Level 0.7 Invocations
 + Level 0.5 Evocations


You had 2 spell levels left.
You didn't know any spells.
Your spell library contained the following spells:

 Spells                   Type           Power      Damage    Failure   Level
 Slow                     Hex            0%         N/A       77%         1
 Confusing Touch          Hex            0%         N/A       98%         3
 Vampiric Draining        Necr           0%         2d6       98%         3


Dungeon Overview and Level Annotations

Branches:
Dungeon (2/15)

Altars:


Innate Abilities, Weirdness & Mutations

You have very sharp teeth.
Your uncanny sense of smell can sniff out nearby items.
Your experience applies equally to all skills.


Message History

The black bear is heavily wounded.
The black bear bites you but does no damage.
The black bear claws you. The black bear closely misses you.
It was a potion of curing.
You feel better.
An adder comes into view.
The black bear bites you but does no damage.
The black bear completely misses you. The black bear barely misses you.
The adder hisses angrily.
You hit the black bear but do no damage.
The black bear is heavily wounded.
The black bear barely misses you. The black bear misses you.
The black bear claws you but does no damage.
You barely miss the black bear.
The black bear is heavily wounded.
The black bear bites you.
The black bear claws you but does no damage.
The black bear claws you.
A rat comes into view.
The black bear bites you but does no damage.
The black bear claws you. The black bear barely misses you.
You hit the black bear.
The black bear is heavily wounded.
The black bear bites you but does no damage.
The black bear claws you but does no damage. x2
You hit the black bear.
The black bear is severely wounded.
The black bear barely misses you. The black bear completely misses you.
The black bear claws you but does no damage.
You hit the black bear but do no damage.
Your bite misses the black bear.
The black bear is severely wounded.
The black bear bites you.
* * * LOW HITPOINT WARNING * * *
The black bear claws you but does no damage.
The black bear claws you.
* * * LOW HITPOINT WARNING * * *
You hit the black bear.
The black bear is almost dead.
The black bear goes berserk!
The black bear bites you.
You die...

# .. # ##### ...
..####...# ....
..(..#...# ####.....
###.#.....####...>....
..........@hgSr.......
######...####........
.###..........###....
#.........###### ...
......###..####### #
##..######.......#
.............###.#
..##########.# .. .#
#.# ...


You could see a black bear (berserk), an adder, a hobgoblin and a rat.

Vanquished Creatures
  3 dart slugs
  A bat (D:1)
  2 endoplasms (D:1)
  3 giant cockroaches (D:1)
  A hobgoblin (D:1)
  3 frilled lizards
  2 kobolds (D:1)
15 creatures vanquished.

Vanquished Creatures (others)
  2 plants (D:1)
2 creatures vanquished.

Grand Total: 17 creatures vanquished

Notes
Turn   | Place    | Note
-------+----------+-------------------------------------------
     0 | D:1      | Reached skill level 10 in Armour
     0 | D:1      | wilfster70 the Gnoll Wanderer began the quest for the Orb.
     0 | D:1      | wilfster70 set off with the following items: a +2 sling, a
                  | +0 mace, a +0 scale mail, a scroll of summoning.
     0 | D:1      | Reached XP level 1. HP: 13/13 MP: 1/1
   236 | D:1      | Reached XP level 2. HP: 16/19 MP: 2/2
   461 | D:1      | Found a faded altar of an unknown god.
   954 | D:2      | Noticed a black bear
   977 | D:2      | Slain by a black bear

Illustrated notes

Levels and vault maps discovered:
D:1:      tarquinn_simple_flora_water_c, layout_loops_ring,
          hellmonk_ecumenical_altar_run_dry, dreamdust_princess_bridge,
          wander_ebering_terrifying_dragon_lair
D:2:      layout_rooms

Skill      XL: | |
---------------+-+-----
Armour         | | 10.4
Fighting       | |  0.5
Short Blades   | |  0.5
Long Blades    | |  0.5
Axes           | |  0.5
Maces & Flails | |  2.5
Polearms       | |  0.5
Staves         | |  0.5
Ranged Weapons | |  8.5
Throwing       | |  0.5
Dodging        | |  0.5
Stealth        | |  0.5
Shields        | |  0.5
Unarmed Combat | |  0.5
Spellcasting   | |  0.5
Conjurations   | |  0.4
Hexes          | |  0.4
Summonings     | |  0.4
Necromancy     | |  0.4
Translocations | |  0.4
Transmutations | |  0.4
Fire Magic     | |  0.4
Ice Magic      | |  0.4
Air Magic      | |  0.4
Earth Magic    | |  0.4
Poison Magic   | |  0.4
Invocations    | |  0.7
Evocations     | |  0.5

Action                   || total
-------------------------++-------
Melee: Mace              ||    13
 Fire: Sling             ||    57
  Use: Scroll            ||     1
       Potion            ||     1
Armor: Scale mail        ||    42
Dodge: Dodged            ||    31

Table legend: (Time is in decaauts)
 A = Elapsed time spent in this place.
 B = Non-inter-level travel time spent in this place.
 C = Inter-level travel time spent in this place.
 D = Time resting spent in this place.
 E = Time spent auto-exploring this place.
 F = Levels seen in this place.
 G = Mean time per level.
                   A        B        C        D        E       F      G
               +--------+--------+--------+--------+--------+-----+--------+
         Total |    991 |    978 |     13 |    124 |    592 |   2 |  495.5 |
       Dungeon |    991 |    978 |     13 |    124 |    592 |   2 |  495.5 |
               +--------+--------+--------+--------+--------+-----+--------+

Top non-repeatable levels by time:
     D:1: 916 daAuts
     D:2: 75 daAuts
